Map: Ley Lines

Players

KimChiLoVer - Winner!

  • Race: Terran Terran
  • Spawn Location: 1:00

VOD

Have the link to the VOD?

Description

Time

  • Played on: Aug. 12, 2025, 10:43 p.m.
  • Length: 10:38
Show
View Real Time Build Order
Export as new Build Order

KimChiLoVer Terran - Winner!

Build Orders: Reaper Expand 

Get SALT Encoding   

  12  0:02  SCV  
  12  0:14  SCV  
  12  0:18  Supply Depot  
  12  0:26  SCV  
  12  0:39  SCV  
  12  0:41  Barracks  
  12  0:45  Refinery  
  12  0:51  SCV  
  12  1:03  SCV  
  12  1:16  SCV  
  12  1:29  Orbital Command  
  12  1:30  Reaper  
  12  1:40  Command Center  
  12  1:50  Supply Depot  
  12  1:55  SCV  
  12  2:02  Marine  
  12  2:06  Factory  
  12  2:08  Refinery  
  12  2:10  SCV  
  12  2:22  Barracks Reactor  
  12  2:27  Barracks  
  12  2:31  Barracks  
  12  2:34  SCV  
  12  2:46  SCV  
  12  2:51  Factory Tech Lab  
  12  2:58  SCV, Orbital Command  
  12  3:04  Marine x2  
  12  3:11  SCV  
  12  3:23  Stimpack  
  12  3:26  SCV  
  12  3:28  Marine  
  12  3:35  Command Center  
  12  3:41  Supply Depot, SCV  
  12  3:42  SCV  
  12  3:45  Marine  
  12  3:52  Starport  
  12  3:55  Factory Reactor  
  12  3:58  Marine x2  
  12  4:07  SCV x2  
  12  4:14  Engineering Bay  
  12  4:16  Engineering Bay  
  12  4:19  SCV  
  12  4:20  SCV  
  12  4:23  Barracks  
  12  4:31  SCV, Marine x2  
  12  4:32  SCV, Marine  
  12  4:43  SCV, Medivac, Factory Tech Lab  
  12  4:44  Medivac  
  12  4:47  SCV  
  12  4:50  Terran Infantry Weapons Level 1  
  12  4:54  Terran Infantry Armor Level 1  
  12  4:57  SCV  
  12  5:01  Orbital Command  
  12  5:06  Barracks  
  12  5:08  SCV  
  12  5:12  Barracks Tech Lab x2  
  12  5:15  Siege Tank  
  12  5:22  Refinery  
  12  5:23  SCV x2  
  12  5:26  Marine  
  12  5:27  Marine x2  
  12  5:29  Combat Shield  
  12  5:39  Supply Depot x2  
  12  5:43  Refinery  
  12  5:44  SCV x3, Marine x2  
  12  5:49  Marine x2, Orbital Command  
  12  5:50  Concussive Shells  
  12  5:55  Armory  
  12  6:03  SCV  
  12  6:07  Supply Depot  
  12  6:09  Supply Depot  
  12  6:10  Barracks Reactor  
  12  6:11  Marine  
  12  6:12  Marauder x3, Marine  
  12  6:15  SCV  
  12  6:18  SCV x2  
  12  6:25  Medivac  
  12  6:28  SCV, Medivac  
  12  6:29  Marine  
  12  6:30  SCV, Marine  
  12  6:33  Marine x3  
  12  6:38  Supply Depot  
  12  6:43  Supply Depot, SCV x2  
  12  6:47  Marine  
  12  6:48  Marine  
  12  6:51  Marauder x2  
  12  6:53  Terran Infantry Weapons Level 2, Barracks  
  12  6:56  Terran Infantry Armor Level 2  
  12  7:05  Barracks  
  12  7:08  SCV x3, Barracks  
  12  7:12  Viking  
  12  7:13  Viking  
  12  7:17  Terran Vehicle And Ship Armor Level 1  
  12  7:24  Supply Depot  
  12  7:26  SCV  
  12  7:27  SCV  
  12  7:28  SCV  
  12  7:29  Marine x3  
  12  7:30  Marauder x2  
  12  7:40  Siege Tank  
  12  7:48  Barracks Tech Lab  
  12  7:51  Command Center  
  12  7:53  Viking x2  
  12  7:56  Marauder x2, Marine x2  
  12  7:59  Barracks Reactor  
  12  8:04  Marine  
  12  8:05  Marauder, Marine  
  12  8:08  Barracks Reactor  
  12  8:09  Marine  
  12  8:13  Marine  
  12  8:14  Marine  
  12  8:16  Supply Depot  
  12  8:17  Marauder, Marine  
  12  8:18  Supply Depot  
  12  8:24  Supply Depot  
  12  8:29  Marauder  
  12  8:37  Siege Tank, Marine x3  
  12  8:38  Marauder  
  12  8:40  Marauder x2, Marine x2  
  12  8:52  Refinery, Marine  
  12  8:53  Marauder, Refinery, Marine  
  12  8:58  Starport  
  12  8:59  Marauder  
  12  9:02  Marauder x2, Marine  
  12  9:08  Medivac  
  12  9:09  Siege Tank  
  12  9:19  Supply Depot  
  12  9:21  Supply Depot  
  12  9:28  Planetary Fortress  
  12  9:32  Marine  
  12  9:33  Marauder x2, Marine x7  
  12  9:49  Command Center, Starport Reactor  
  12  9:52  Marine x6  
  12  9:53  Marine  
  12  10:13  Marauder x2, Marine x3  
  12  10:32  Command Center  
Tags
 
Add a new tag
Caveats
  • Supply blocks, unpowered buildings, or Contaminate may cause inaccurate times.
  • Supply counts are checked every 10 seconds.